 Dungeon Crawl Stone Soup version 0.18-a0-1372-gd644665 (webtiles) character file.

1641 M4edhros the Martial Artist (level 8, -4/52 HPs)
             Began as an Octopode Monk on Feb 21, 2016.
             Was a Priest of Zin.
             Slain by a wight
             ... wielding a cursed +1 halberd of freezing
              (9 damage)
             ... on level 7 of the Dungeon.
             The game lasted 00:30:22 (4861 turns).

M4edhros the Martial Artist (Octopode Monk)         Turns: 4861, Time: 00:30:23

Health: -4/52      AC:  1    Str:  5      XL:     8   Next: 99%
Magic:  11/11      EV: 11    Int: 10 (12) God:    Zin [***...]
Gold:   300        SH:  0    Dex: 17      Spells: 0 memorised, 7 levels left

rFire  . . .     SeeInvis .       - Unarmed
rCold  . . .     Gourm    +     (no shield)
rNeg   . . .     Faith    .     (helmet restricted)
rPois  .         Spirit   .     g - amulet of the gourmand
rElec  .         Dismiss  .     b - ring of protection from magic
rCorr  .         Reflect  .     (no ring)
SustAt .         Harm     .     c - -2 ring of evasion (curse)
MR     +....     Rnd*Tele +     e - -5 ring of strength (curse)
Stlth  ++++++....               (no ring)
                                (no ring)
                                (no ring)
                                (no ring)

@: short of breath, drained, somewhat resistant to hostile enchantments, very
stealthy
A: almost no armour, amphibious, 8 rings, constrict 8, camouflage 1,
deterioration 1, teleportitis 1, gelatinous body 1, evolution 1
a: Recite, Vitalisation, Imprison, Donate Gold, Renounce Religion


You were on level 7 of the Dungeon.
You worshipped Zin.
Zin was most pleased with you.
You were very hungry.

You visited 2 branches of the dungeon, and saw 8 of its levels.

You collected 333 gold pieces.
You donated 33 gold pieces to Zin.

Inventory:

Hand Weapons
 p - a +2 hunting sling
Missiles
 f - 41 sling bullets
 q - 4 curare-tipped needles
 r - 301 stones (quivered)
 y - 16 sling bullets of flame
Magical Staves
 B - an uncursed staff of earth
Jewellery
 b - a ring of protection from magic (left tentacle)
 c - a cursed -2 ring of evasion (on tentacle)
 e - a cursed -5 ring of strength (on tentacle)
 g - an amulet of the gourmand (around mantle)
 t - an uncursed ring of teleportation
Wands
 k - a wand of lightning (3/15)
 m - a wand of slowing (16/48)
 x - a wand of teleportation (5/9)
Scrolls
 d - a scroll of enchant armour
 i - a scroll of amnesia {unknown}
 l - 2 scrolls of recharging
 o - 2 scrolls of teleportation
 v - 2 scrolls of immolation {unknown}
 w - a scroll of enchant weapon
Potions
 h - 2 potions of beneficial mutation
 n - a potion of curing
 A - a potion of resistance
Books
 z - a book of Beasts

   Spells                             Type                      Level
   a - Summon Butterflies             Summoning                    1
   b - Call Canine Familiar           Summoning                    3
   c - Summon Ice Beast               Ice/Summoning                4
   d - Summon Mana Viper              Hexes/Summoning              5
   e - Summon Hydra                   Summoning                    7
Comestibles
 a - 5 bread rations
 j - 2 slices of pizza
 s - 4 meat rations
 u - 2 fruits


   Skills:
 - Level 3.0(2.6) Fighting
 - Level 3.0(2.6) Dodging
 - Level 8.9(8.5) Stealth
 + Level 9.0(8.6) Unarmed Combat
 * Level 4.9(4.4) Invocations


You had 7 spell levels left.
You didn't know any spells.

Dungeon Overview and Level Annotations

Branches:
Dungeon (7/15)             Temple (1/1) D:5

Altars:
Ashenzari
Cheibriados
Dithmenos
Elyvilon
Fedhas
Gozag
Kikubaaqudgha
Makhleb
Nemelex Xobeh
Okawaru
Pakellas
Qazlal
Ru
Sif Muna
Trog
Vehumet
Yredelemnul
Zin
The Shining One

Annotations:
D:4 Menkaure
D:7 exclusion: 2 sky beasts


Innate Abilities, Weirdness & Mutations

You cannot wear most types of armour.
You are amphibious.
You can wear up to eight rings at the same time.
You can use your tentacles to constrict eight enemies at once.
Your skin changes colour to match your surroundings (Stealth).
Your rubbery body absorbs attacks (AC +1).
Your body sometimes deteriorates upon taking damage.
You are occasionally teleported next to monsters.
You evolve.


Message History

Drink which item? (? for menu, Esc to quit)
Okay, then. "...I bring ye salvation.
To the rest, ye fetid masses..."
The orc is struck blind by the wrath of Zin!
The ogre is dazed by your recitation.
The orc priest is limned with silver light.
The wight hits you from afar with a halberd of freezing!
Zin protects you from harm! The wight freezes you.
* * * LOW HITPOINT WARNING * * *
The orc barely misses you. The orc misses you.
An adder comes into view.
Read which item? (? for menu, Esc to quit)
Okay, then. "...and the contaminated, the name of Zin shall be thy damnation."
The orc is struck blind by the wrath of Zin! x2
You finish reciting Abominations 20:70.
The wight misses you.
The wight hits you from afar with a halberd of freezing!
You die...

#.#.....# #.#.....#
#.#.....# #### #.#.....#
.... #.#....z# .....
#.#..z..########### ....Z
#.#z..............#
.z....#.#..z..#########.#
......#.#.o@..# #.#
..z......o.#### #Z#
.........O.# #.#
...o.......# #.#
...###....o# #.# #####..
#.o...# #########.#
..Y.... #.....#
....Z.....# ...## #S....#
########### ...# ....#.##


You could see an ogre (dazed), 4 wights, an orc priest, an adder and 3 orcs.

Vanquished Creatures
  A hippogriff (D:7)
  2 ogres
  3 centaurs
  A big kobold (D:4)
  2 giant frogs (D:6)
  2 scorpions
  3 crimson imps
  A gnoll shaman (D:4)
  A centaur skeleton (D:5)
  2 hounds
  A giant frog skeleton (D:6)
  An iguana (D:5)
  Jessica (D:3)
  6 worker ants
  5 orc wizards
  6 gnolls
  5 adders
  A shadow imp (D:5)
  An ooze (D:4)
  4 adder skeletons (D:4)
  6 worms
  2 giant geckos (D:4)
  11 orcs
  2 ball pythons
  8 bats
  2 giant cockroaches
  15 goblins
  7 hobgoblins
  8 jackals
  7 kobolds
  3 quokkas
  5 giant newts
  A quokka zombie (D:5)
  5 rats
131 creatures vanquished.

Notes
Turn   | Place    | Note
--------------------------------------------------------------
     0 | D:1      | M4edhros the Octopode Monk began the quest for the Orb.
     0 | D:1      | Reached XP level 1. HP: 16/16 MP: 1/1
    74 | D:1      | Reached XP level 2. HP: 18/21 MP: 2/2
   273 | D:2      | Reached XP level 3. HP: 21/26 MP: 3/3
   386 | D:3      | Noticed Jessica
   388 | D:3      | Killed Jessica
   395 | D:3      | HP: 1/26 [worm (11)]
   509 | D:3      | Reached XP level 4. HP: 10/31 MP: 4/4
   654 | D:4      | Noticed a centaur
   671 | D:4      | Killed a centaur
   671 | D:4      | Reached skill level 5 in Stealth
   671 | D:4      | Reached skill level 5 in Unarmed Combat
   671 | D:4      | Reached XP level 5. HP: 20/36 MP: 5/5
   688 | D:4      | Noticed a big kobold
   689 | D:4      | Noticed an ogre
   710 | D:4      | Killed a big kobold
   710 | D:4      | Reached skill level 6 in Stealth
   710 | D:4      | Reached XP level 6. HP: 10/42 MP: 6/6
  1360 | D:4      | Reached skill level 7 in Stealth
  1530 | D:4      | Noticed an orc warrior
  1561 | D:4      | Reached XP level 7. HP: 39/46 MP: 7/7
  1588 | D:4      | Noticed Menkaure
  1620 | D:4      | Found a burning altar of Makhleb.
  1764 | D:5      | Entered Level 5 of the Dungeon
  1772 | D:5      | Found an opulent altar of Gozag.
  1864 | D:5      | Reached skill level 8 in Stealth
  2008 | D:5      | Found a staircase to the Ecumenical Temple.
  2020 | Temple   | Entered the Ecumenical Temple
  2277 | D:3      | Found a glowing golden altar of the Shining One.
  2953 | D:2      | Found a faded altar to an unknown god.
  3235 | D:4      | Gained mutation: You evolve. [potion of mutation]
  3235 | D:4      | Gained mutation: Your body sometimes deteriorates upon taking damage. [potion of mutation]
  3235 | D:4      | Gained mutation: You are occasionally teleported next to monsters. [potion of mutation]
  3239 | D:4      | Reached XP level 8. HP: 24/52 MP: 8/8
  3721 | D:6      | Found a glowing silver altar of Zin.
  3721 | D:6      | Found a deep blue altar of Sif Muna.
  3725 | D:6      | Found an ancient bone altar of Kikubaaqudgha.
  3725 | D:6      | Found a shadowy altar of Dithmenos.
  3729 | D:6      | Found a blossoming altar of Fedhas.
  3732 | D:6      | Became a worshipper of Zin the Law-Giver
  3732 | D:6      | Reached * piety under Zin
  3732 | D:6      | Reached ** piety under Zin
  3732 | D:6      | Reached *** piety under Zin
  3806 | D:6      | Reached skill level 1 in Invocations
  4352 | D:7      | HP: 2/52 [hippogriff (5)]
  4663 | D:7      | Reached skill level 9 in Unarmed Combat
  4860 | D:7      | Zin protects you from harm!
  4861 | D:7      | Slain by a wight

Vault maps used:
D:1:      co_arrival_hall_of_pillars
D:2:      ecumenical_altar_1
D:3:      nicolae_tso_carved_into_rock, uniq_jessica
D:4:      bloody_makhleb, minmay_joined_circles, uniq_menkaure
D:5:      lemuel_crystal_altar, temple_fountains, first_bread
D:6:      grunt_temple_overflow_open, kennysheep_generic_room_12
Temple:   oiseaux_autumnal_temple_12

Action                   |  1- 3 |  4- 6 |  7- 9 || total
-------------------------+-------+-------+-------++-------
Melee: Unarmed           |    44 |    92 |   181 ||   317
 Fire: Hunting sling     |       |       |    12 ||    12
Throw: Stone             |       |     2 |       ||     2
Invok: Recite            |       |       |     7 ||     7
Evoke: Wand              |       |     1 |     2 ||     3
  Use: Potion            |       |     8 |     7 ||    15
       Scroll            |       |     3 |     7 ||    10
 Stab: Sleeping          |    10 |     4 |    22 ||    36
       Distracted        |       |     1 |     1 ||     2
       Confused          |       |       |     2 ||     2
       Invisible         |       |       |     2 ||     2
  Eat: Chunk             |       |     2 |    10 ||    12
       Royal jelly       |       |       |     1 ||     1
